AoeStats
← Jewish Conspirator

Black Forest

508528656Analyzed
4v4 RM · 11d ago on Sep 22, 2026· 42m 40s· 8 players
Game mode
Random Map
Map size
Large (8 player)
Population
200
Speed
Normal
Resources
Standard
Victory
Conquest
Starting age
Dark Age
Ending age
Imperial Age
RankedLock teamsTeams togetherTeam positionsShared explorationLock speedFull tech treeHidden civsTurbo modeCheats
Victory
Defeat
🇲🇽 Magyars · Mexico
1406
+2
🇵🇪 Turks · Peru
1318
+3
🇵🇪 Spanish · Peru
1035
+9
🇪🇨 Byzantines · Ecuador
967
+12
🇨🇳 Persians · China
1043
-10
🇩🇪 Celts · Germany
960
-8
🇨🇦 Portuguese · Canada
884
-5
🇹🇼 Malians · Taiwan
781
-3
Jeanne d'Arc
1:48 Loom
11:48 Feudal Age
18:28 Castle Age
17:17 Horse Collar
17:25 Double-Bit Axe
18:24 Gold Mining
18:25 Stone Mining
19:43 Wheelbarrow
19:39 Bow Saw
19:55 Heavy Plow
25:32 Gold Shaft Mining
25:40 Stone Shaft Mining
30:55 Imperial Age
31:54 Furor Celtica
32:03 Heavy Scorpion
Jewish Conspirator
14:07 Feudal Age
15:23 Wheelbarrow
14:35 Double-Bit Axe
21:04 Castle Age
18:54 Man-at-Arms
19:37 Gold Mining
19:57 Stone Mining
20:17 Horse Collar
23:24 Bow Saw
23:59 Stone Shaft Mining
29:43 Scale Mail Armor
29:42 Long Swordsman
一顿猛干
10:00 Feudal Age
13:43 Castle Age
12:07 Double-Bit Axe
12:32 Horse Collar
15:59 Wheelbarrow
19:58 Heavy Plow
23:00 Bow Saw
24:06 Hand Cart
23:36 Loom
23:37 Town Watch
24:26 Forging
24:21 Scale Barding Armor
24:13 Gold Mining
28:38 Gold Shaft Mining
27:53 Stone Mining
28:25 Town Patrol
31:19 Imperial Age
29:23 Caravan
29:53 Coinage
30:14 Iron Casting
29:45 Scale Barding Armor
29:31 Fletching
29:41 Padded Archer Armor
29:42 Scale Mail Armor
31:38 Chain Barding Armor
31:18 Scale Mail Armor
31:18 Padded Archer Armor
32:49 Chemistry
32:09 Ballistics
31:45 Murder Holes
32:01 Masonry
33:16 Blast Furnace
32:52 Plate Barding Armor
32:12 Bodkin Arrow
32:33 Chain Mail Armor
32:45 Guilds
33:05 Banking
32:13 Light Cavalry
33:03 Bloodlines
32:54 Husbandry
32:57 Hussar
34:47 Cavalier
34:49 Heavy Camel Rider
35:18 Elite War Elephant
36:13 Citadels
36:24 Conscription
36:39 Hoardings
37:07 Parthian Tactics
36:02 Heavy Cavalry Archer
36:03 Elite Skirmisher
36:49 Thumb Ring
36:34 Savar
39:10 Two-Man Saw
38:45 Architecture
38:34 Leather Archer Armor
39:01 Plate Mail Armor
瀧注洄洮
12:10 Feudal Age
13:50 Double-Bit Axe
13:46 Horse Collar
23:14 Castle Age
23:10 Fletching
23:33 Forging
26:17 Bow Saw
30:21 Imperial Age
29:26 Husbandry
29:46 Heavy Plow
31:23 Bloodlines
32:12 Stone Mining
32:16 Gold Mining
32:31 Bodkin Arrow
33:54 Wheelbarrow
33:06 Town Watch
33:06 Loom
34:07 Crop Rotation
33:57 Heavy Camel Rider
33:59 Light Cavalry
34:34 Fishing Lines
35:28 Hand Cart
35:14 Town Patrol
36:10 Ballistics
37:15 Chemistry
38:28 Scale Mail Armor
38:36 Scale Barding Armor
39:07 Iron Casting
39:59 Farimba
41:01 Cavalier
EL MAYA
12:56 Feudal Age
17:08 Castle Age
16:42 Double-Bit Axe
17:40 Horse Collar
18:47 Bow Saw
20:24 Heavy Plow
25:18 Wheelbarrow
26:37 Hand Cart
26:31 Gold Mining
27:57 Gold Shaft Mining
31:12 Imperial Age
28:50 Fletching
29:26 Ballistics
29:12 Padded Archer Armor
29:36 Stone Mining
29:55 Bodkin Arrow
31:01 Thumb Ring
31:17 Leather Archer Armor
32:22 Bloodlines
32:13 Husbandry
33:17 Chemistry
32:22 Bracer
32:58 Conscription
32:52 Recurve Bow
34:15 Two-Man Saw
34:51 Crop Rotation
33:50 Heavy Cavalry Archer
34:56 Parthian Tactics
39:44 Town Watch
39:45 Loom
40:38 Ring Archer Armor
40:13 Scale Barding Armor
40:09 Scale Mail Armor
henry2992
3:46 Loom
12:11 Feudal Age
15:25 Double-Bit Axe
18:08 Castle Age
17:14 Horse Collar
17:29 Gold Mining
19:36 Wheelbarrow
19:37 Bow Saw
20:19 Fishing Lines
22:49 Gold Shaft Mining
23:19 Heavy Plow
27:51 Hand Cart
29:05 Gillnets
32:02 Imperial Age
31:16 Stone Mining
32:10 Caravan
33:03 Conscription
33:46 Chemistry
32:16 Crossbowman
33:22 Capped Ram
34:40 Crop Rotation
34:13 Scale Mail Armor
34:13 Padded Archer Armor
34:04 Fletching
35:16 Two-Man Saw
35:33 Arbalester
36:55 Leather Archer Armor
36:51 Forging
36:58 Thumb Ring
39:30 Scale Barding Armor
39:41 Chain Mail Armor
40:01 Iron Casting
39:22 Bodkin Arrow
39:57 Ring Archer Armor
39:21 Pikeman
40:20 Squires
41:33 Gambesons
42:00 Halberdier
percy_bysshe
0:55 Loom
16:25 Feudal Age
17:53 Double-Bit Axe
20:57 Castle Age
25:28 Imperial Age
24:20 Bow Saw
24:56 Padded Archer Armor
25:55 Sanctity
25:56 Leather Archer Armor
27:14 Wheelbarrow
26:50 Medium Warships
38:28 Ring Archer Armor
JP_Empire
11:42 Feudal Age
9:58 Loom
15:42 Castle Age
16:07 Double-Bit Axe
23:42 Husbandry
24:28 Town Watch
25:07 Scale Barding Armor
25:49 Forging
28:01 Chain Barding Armor
28:47 Iron Casting
33:15 Imperial Age
32:05 Wheelbarrow
35:05 Stone Mining
36:57 Cavalier
39:39 Plate Barding Armor
39:25 Gold Mining
Connection lost

Rejoining the realm…

Still unreachable

The connection could not be restored.

Session expired

The server has moved on; the page needs a fresh start.